[Event "Late-Titled-Tuesday-Blitz-March-12-2024"]
[Site "Chess.com"]
[Date "2024.03.12"]
[Round "5"]
[White "AlexandreHouhou"]
[Black "guillembaches"]
[Result "1/2-1/2"]
[WhiteElo "2336"]
[BlackElo "2545"]
[TimeControl "180+1"]
[EndTime "14:54:39 PDT"]
[Termination "Game drawn by repetition"]

1. e4 c5 2. Nf3 d6 3. d4 cxd4 4. Nxd4 Nf6 5. Nc3 Nc6 6. Bg5 e6 7. Bb5 Bd7 8. O-O Be7 9. Re1 h6 10.
Bh4 Qc7 11. Bg3 Ne5 12. Bxd7+ Nfxd7 13. Ndb5 Qb6 14. Qd4 Qxd4 15. Nxd4 a6 16. Nce2 Rc8 17. c3 Nc5 18. Bxe5 dxe5 19. Nf3 f6 20. Nc1 Kf7 21. Nb3 Nd3 22. Re2 Rhd8 23. Rd2 g5 24. Ne1 Nxe1 25. Rxe1 f5 26. exf5 exf5 27. Rxe5 Rxd2 28.
Nxd2 Rd8 29. Re2 Bc5 30. Kf1 Kf6 31. Nf3 g4 32. Rd2 Re8 33. Nd4 h5 34. Ne2 Kg5 35. g3 h4 36. gxh4+ Kxh4 37. Rd7 b6 38. Ng3 f4 39.
Nf5+ Kg5 40. Nd4 f3 41. Rg7+ Kf4 42. Rf7+ Kg5 43. Rf5+ Kg6 44. Rf4 Bxd4 45. Rxg4+ Kf5 46. Rxd4 Re2 47. Rd3 Kf4 48. Rd4+ Kf5 49. Rd3 Kf4 50. Rd4+ Kf5 1/2-1/2

[Event "Late-Titled-Tuesday-Blitz-March-12-2024"]
[Site "Chess.com"]
[Date "2024.03.12"]
[Round "5"]
[White "IMSlavin"]
[Black "kinga2008"]
[Result "1-0"]
[WhiteElo "2296"]
[BlackElo "2437"]
[TimeControl "180+1"]
[EndTime "14:54:39 PDT"]
[Termination "IMSlavin won on time"]

1. e4 c5 2. g3 Nc6 3. Bg2 g6 4. Ne2 Bg7 5. O-O e6 6. Nbc3 Nge7 7. a3 d5 8. exd5 exd5 9. Rb1 O-O 10. b4 cxb4 11. axb4 Bg4 12. h3 Be6 13. Nf4 Qd7 14. Nxe6 fxe6 15. Ne2 Rac8 16. c3 Ne5 17. d4 Nc4 18.
Nf4 Nf5 19. Re1 Rfe8 20. Qg4 Nb6 21. Bd2 Nc4 22. Bc1 Ncd6 23. Bb2 Nb5 24. Rxe6 Rxe6 25.
Bxd5 Nc7 26. Bb3 Kh8 27. Nxe6 Nxe6 28. Re1 Nc7 29. h4 Nd5 30. h5 Nf6 31. Qe2 Re8 32. Qd1 Rxe1+ 33. Qxe1 Nxh5 34. Be6 Qe7 35. d5 Nd6 36.
Qe3 Nc4 37. Qc1 Nxb2 38. Qxb2 Nf6 39. Qa2 a6 40. c4 Qxb4 41. Qe2 1-0

[Event "Late-Titled-Tuesday-Blitz-March-12-2024"]
[Site "Chess.com"]
[Date "2024.03.12"]
[Round "5"]
[White "HansOnTwitch"]
[Black "yosephtaher"]
[Result "1-0"]
[WhiteElo "3112"]
[BlackElo "2977"]
[TimeControl "180+1"]
[EndTime "14:54:40 PDT"]
[Termination "HansOnTwitch won by resignation"]

1. d4 d5 2. Nc3 Bf5 3. f3 Nf6 4. e4 dxe4 5. g4 Bg6 6. g5 Nd5 7.
Nxe4 e6 8. c4 Bb4+ 9. Bd2 Bxe4 10. fxe4 Ne3 11. Qa4+ b5 12. Qxb5+ c6 13. Qe5 Nc2+ 14.
Kd1 Nxd4 15. Bxb4 Nb3+ 16. Ke2 Nxa1 17. Qxg7 Kd7 18. Qxf7+ Kc8 19. Bh3 Nc2 20. Bxe6+ Nd7 21. Bc3 Rf8 22. Bxd7+ Kc7 23. Be5+ Kb7 24. Qe6 Qb6 25.
Bxc6+ Qxc6 26. Qxc6+ Kxc6 27. Nf3 Rae8 28. Rc1 Nb4 29.
a3 Na6 30. b4 Kb7 31. h4 Rxf3 32. Kxf3 Rxe5 33. Kf4 Re7 34. Rd1 Nc7 35. Rd6 Ne8 36. Rh6 Kc7 37. c5 Ng7 38. Ra6 Kb7 39. Rd6 Kc7 40. e5 Rf7+ 41. Ke4 Rf1 42. Rh6 Re1+ 43. Kd5 Rd1+ 44. Kc4 Rc1+ 45. Kb5 Nf5 46. Rxh7+ Kd8 47. g6 Rg1 48. h5 Rg5 49. a4 Nd4+ 50. Kc4 Nc6 51.
g7 Nxe5+ 52. Kb5 a6+ 53. Kxa6 Nd7 54. Rh8+ 1-0

[Event "Late-Titled-Tuesday-Blitz-March-12-2024"]
[Site "Chess.com"]
[Date "2024.03.12"]
[Round "5"]
[White "buenamor1972"]
[Black "zverr1"]
[Result "0-1"]
[WhiteElo "2369"]
[BlackElo "2573"]
[TimeControl "180+1"]
[EndTime "14:54:40 PDT"]
[Termination "zverr1 won by checkmate"]

1. d4 Nf6 2. c4 g6 3. Nc3 d5 4. Nf3 Bg7 5. Bg5 Ne4 6. Bf4 Nxc3 7. bxc3 c6 8. e3 O-O 9. Be2 Qa5 10. Qb3 Nd7 11. O-O Re8 12. cxd5 cxd5 13. c4 dxc4 14. Bxc4 e6 15. Rac1 Nb6 16. Bb5 Bd7 17. Bxd7 Nxd7 18. Qxb7 e5 19. Qxd7 exf4 20. exf4 Red8 21. Qb7 Qxa2 22.
Rc7 Qd5 23. Rb1 Bxd4 24. Qxd5 Rxd5 25. g3 Bb6 26. Rb7 Rc8 27. Rb2 f6 28. Re2 Rc7 29. Rb8+ Kf7 30. Ree8 Rc2 31. Rf8+ Kg7 32. Rg8+ Kh6 33.
Rxb6 axb6 34. g4 Rc4 35. g5+ fxg5 36. fxg5+ Kh5 37. h3 Rf4 38. Kg2 Rdf5 39. Rh8 Rxf3 40. Rxh7+ Kxg5 41. h4+ Kf6 42. Rb7 Rb3 43. f3 Rfxf3 44.
Kh2 Rf2+ 45. Kg1 Ra2 46. Rd7 Rb1+ 47. Rd1 Rxd1# 0-1

[Event "Late-Titled-Tuesday-Blitz-March-12-2024"]
[Site "Chess.com"]
[Date "2024.03.12"]
[Round "5"]
[White "KuzubovYuriy"]
[Black "Lennis93"]
[Result "1-0"]
[WhiteElo "2913"]
[BlackElo "2695"]
[TimeControl "180+1"]
[EndTime "14:54:42 PDT"]
[Termination "KuzubovYuriy won on time"]

1. d4 Nf6 2. Nf3 b6 3. c4 Bb7 4. g3 Bxf3 5. exf3 e6 6. Nc3 d5 7. cxd5 Nxd5 8. Bb5+ c6 9. Bd3 Bb4 10. Bd2 Nd7 11. O-O a5 12. Qc2 Rc8 13. Rfe1 N7f6 14. a3 Bxc3 15. bxc3 b5 16. a4 b4 17. c4 Ne7 18.
Be3 O-O 19. Rad1 h6 20. h4 Qd7 21. g4 Ne8 22. Bc1 Nc7 23. Qe2 f5 24. Bc2 Rf7 25. h5 Rcf8 26. Qd3 Qd6 27. Re5 Rd8 28. Rxa5 fxg4 29. fxg4 Kf8 30. Kg2 Ng8 31. f3 Nf6 32. Qb3 Kg8 33. Bg6 Rfd7 34. Bb2 Rb8 35. Re1 Qf4 36. Qe3 Qd6 37. Re5 Qe7 38. g5 hxg5 39.
Qxg5 b3 40. Bb1 Qf8 41. Rh1 Kh8 42. h6 gxh6 43. Rxh6+ Nh7 44. Bxh7 Rxh7 45. Rxh7+ Kxh7 46. Qg4 Qg7 47. Rh5+ Kg8 48. Rg5 1-0

[Event "Late-Titled-Tuesday-Blitz-March-12-2024"]
[Site "Chess.com"]
[Date "2024.03.12"]
[Round "5"]
[White "KetiTsatsalashvili"]
[Black "TimGrutter03"]
[Result "1-0"]
[WhiteElo "2466"]
[BlackElo "2582"]
[TimeControl "180+1"]
[EndTime "14:54:42 PDT"]
[Termination "KetiTsatsalashvili won by checkmate"]

1. d4 d5 2. Nf3 e6 3. e3 a6 4. Bd3 c5 5. b3 Nc6 6. a3 b5 7. c3 c4 8. bxc4 dxc4 9. Bc2 Nf6 10. e4 Bb7 11. O-O Be7 12. Qe2 Qc7 13. e5 Nd5 14. Ng5 Bxg5 15. Bxg5 h6 16. Bd2 g6 17. a4 Nce7 18. axb5 axb5 19. Rxa8+ Bxa8 20. Na3 Bc6 21. Rb1 Qa5 22. Nxc4 bxc4 23. Rb8+ Kd7 24. Rxh8 Qa2 25. Qd1 Qa3 26. Qe1 h5 27. Be4 Qb2 28. h3 Nf5 29. Bxd5 Bxd5 30. Qc1 Qb3 31. Rf8 Ke7 32. Rc8 Kd7 33. Rc5 Nh4 34. f3 Qb6 35. Qa1 Qb7 36. Bg5 Nxf3+ 37. gxf3 Bxf3 38. Ra5 Qe4 39. Ra7+ Ke8 40.
Qa4+ Kf8 41. Ra8+ Kg7 42. Rg8+ Kh7 43. Rh8+ Kxh8 44. Qe8+ Kh7 45. Qxf7+ Kh8 46. Bf6# 1-0

[Event "Late-Titled-Tuesday-Blitz-March-12-2024"]
[Site "Chess.com"]
[Date "2024.03.12"]
[Round "5"]
[White "djano"]
[Black "SchmakAttack"]
[Result "0-1"]
[WhiteElo "2589"]
[BlackElo "2818"]
[TimeControl "180+1"]
[EndTime "14:54:46 PDT"]
[Termination "SchmakAttack won by checkmate"]

1. e4 e5 2. Nf3 Nc6 3. d4 exd4 4. Nxd4 Nf6 5. Nxc6 bxc6 6. Bd3 d5 7. exd5 cxd5 8.
O-O Bd6 9. h3 O-O 10. Qf3 Rb8 11. Nc3 c5 12. Bg5 Be6 13. Kh1 c4 14. Bf5 Rxb2 15. Rfe1 Bxf5 16. Qxf5 Bb4 17. Re3 Bxc3 18. Rxc3 Qd7 19. Qxd7 Nxd7 20. Be3 Nf6 21. f3 Re8 22. Bxa7 Ra8 23. Bd4 Raxa2 24. Rd1 Rb5 25. g4 h6 26. h4 Kf8 27. Rd2 Ke7 28. Kg2 Ra6 29. Kg3 Re6 30. Ra3 Rb7 31. g5 hxg5 32. hxg5 Nh5+ 33.
Kg4 g6 34. Ra8 Kd6 35. Bg1 Rb1 36. Rd8+ Kc7 37. R8xd5 Rxg1+ 38. Kh4 Rf1 39. Rd7+ Kc6 40. Rxf7 Rd6 41. Re2 Rd4+ 42. Kh3 Nf4+ 43. Kg3 Nxe2+ 44.
Kg2 Rc1 45. Rf6+ Rd6 46. Rf7 Rxc2 47. Kf2 Nd4+ 48. Ke3 Nf5+ 49. Kf4 Rd4+ 50. Ke5 Re2+ 51. Kf6 Rd6# 0-1

[Event "Late-Titled-Tuesday-Blitz-March-12-2024"]
[Site "Chess.com"]
[Date "2024.03.12"]
[Round "5"]
[White "arenal72"]
[Black "Rawnsdale"]
[Result "0-1"]
[WhiteElo "2637"]
[BlackElo "2528"]
[TimeControl "180+1"]
[EndTime "14:54:46 PDT"]
[Termination "Rawnsdale won by resignation"]

1. Nf3 d5 2. g3 e6 3. Bg2 Be7 4. O-O Nf6 5. d3 O-O 6. Nbd2 b6 7. e4 dxe4 8. dxe4 Bb7 9. Qe2 c5 10. Rd1 Qc7 11. c3 Nc6 12. Nf1 e5 13. Bg5 h6 14.
Bxf6 Bxf6 15. Ne3 Ne7 16. Nd5 Nxd5 17. exd5 Rad8 18. c4 b5 19. Nd2 bxc4 20. Nxc4 Ba6 21. Rac1 Bxc4 22. Qxc4 Qb6 23. b3 Be7 24. h4 Bd6 25.
Bh3 Qa5 26. Qc2 Rb8 27. h5 Rb4 28. Re1 Rd4 29. Re2 Rxd5 30. Qf5 Rd2 31. Qf3 Rd4 32. Bf5 Qd8 33. Be4 Qg5 34. Rce1 f5 35. Bd5+ Kh8 36. Rxe5 Bxe5 37. Rxe5 Qc1+ 38. Kh2 Qd1 39.
Qxd1 Rxd1 40. Bf3 Rd2 41. Kg2 Rxa2 42. Rxc5 Rb2 43. Bd5 f4 44. g4 f3+ 45. Bxf3 Rxb3 46.
Be4 Rb4 47. f3 Ra4 48. Kg3 a5 49. g5 hxg5 50. Kg4 Ra1 51. Kxg5 a4 52. h6 gxh6+ 53. Kxh6 a3 54. Rc7 Rh1+ 55. Kg5 Rg8+ 56. Kf6 a2 57. Rh7+ Rxh7 58. Bxh7 Kxh7 0-1

[Event "Late-Titled-Tuesday-Blitz-March-12-2024"]
[Site "Chess.com"]
[Date "2024.03.12"]
[Round "5"]
[White "WilsonPalencia21"]
[Black "carloseduar100"]
[Result "1-0"]
[WhiteElo "2547"]
[BlackElo "2314"]
[TimeControl "180+1"]
[EndTime "14:54:46 PDT"]
[Termination "WilsonPalencia21 won by checkmate"]

1. d4 d5 2. c4 e5 3. dxe5 d4 4. Nf3 Nc6 5. g3 Nge7 6. Bg2 Ng6 7. O-O Ngxe5 8. Nxe5 Nxe5 9. Qa4+ Qd7 10. Qb3 Be7 11. Rd1 O-O 12. Nc3 c6 13. Be3 dxe3 14. Rxd7 exf2+ 15. Kf1 Nxd7 16. Ne4 Nc5 17. Qe3 Nxe4 18. Bxe4 Be6 19.
Rc1 h6 20. Qxf2 Rfe8 21. h4 Bf6 22. Rc2 Rad8 23. Kg2 Rd4 24. Bd3 Red8 25. Kh2 Be5 26. Kg2 Rxd3 27. exd3 Rxd3 28. Re2 Rxg3+ 29. Qxg3 Bxg3 30.
Kxg3 Bxc4 31. Re8+ Kh7 32. b3 Bd5 33. Rd8 Be6 34.
Rb8 b5 35. Ra8 Kg6 36. Rxa7 Kf6 37. Rb7 Ke5 38. a4 Bxb3 39. a5 Bd5 40. a6 c5 41.
Rxb5 Kd4 42. a7 f5 43. Kf4 Be4 44. Rb8 g5+ 45. hxg5 hxg5+ 46. Kxg5 c4 47. Re8 Bc6 48. Rc8 Be4 49. Rd8+ Ke3 50. Re8 c3 51. a8=Q c2 52. Qc8 Kd2 53. Rd8+ Kc1 54. Qc3 Kb1 55. Rb8+ Kc1 56.
Qe1# 1-0

[Event "Late-Titled-Tuesday-Blitz-March-12-2024"]
[Site "Chess.com"]
[Date "2024.03.12"]
[Round "5"]
[White "Hikaru"]
[Black "GMKrikor"]
[Result "1-0"]
[WhiteElo "3253"]
[BlackElo "2887"]
[TimeControl "180+1"]
[EndTime "14:54:47 PDT"]
[Termination "Hikaru won on time"]

1. d4 Nf6 2. Bg5 e6 3. e4 h6 4. Bxf6 Qxf6 5. Nc3 Bb4 6. Qd3 d5 7. e5 Qe7 8. a3 Ba5 9. Qg3 O-O 10. Bd3 c5 11.
dxc5 Qxc5 12. Ne2 Qe7 13. O-O Nc6 14. f4 f5 15. Kh1 a6 16. Qh3 b5 17. g4 fxg4 18.
Qxg4 Qf7 19. Ng3 Bb7 20. Nce2 Bc7 21. h4 Kh8 22. h5 Bb6 23. Ng1 Ne7 24. Kh2 Nf5 25.
Nxf5 exf5 26. Qg6 Be3 27. Qxf7 Rxf7 28. Ne2 d4 29. a4 b4 30. a5 Be4 31. Ng3 Bxd3 32.
cxd3 Rc8 33. Rae1 Rc2+ 34. Re2 b3 35. Kg2 Rfc7 36. Kf3 Rxe2 37. Kxe2 Rc2+ 38. Kf3 Rxb2 39. Nxf5 Rd2 40. Rb1 Rxd3 41. Ke4 Rc3 42. e6 Kg8 43. Ne7+ Kf8 44. Nd5 Rc5 45. Rxb3 Rc8 46. Rb7 Re8 47. f5 Bg5 48. Kxd4 Kg8 49. Ra7 Rf8 50. Ke4 Rb8 51.
Rxa6 Rc8 52. Rb6 Rc4+ 53. Ke5 1-0

[Event "Late-Titled-Tuesday-Blitz-March-12-2024"]
[Site "Chess.com"]
[Date "2024.03.12"]
[Round "5"]
[White "ansko1999"]
[Black "Bugcrusher"]
[Result "1/2-1/2"]
[WhiteElo "2691"]
[BlackElo "2537"]
[TimeControl "180+1"]
[EndTime "14:54:48 PDT"]
[Termination "Game drawn by repetition"]

1. Nf3 d5 2. c4 c6 3. e3 Nf6 4. Nc3 a6 5. b3 Nbd7 6. d4 e6 7. Bb2 c5 8. cxd5 exd5 9. Bd3 cxd4 10.
Nxd4 Ne5 11. O-O Bd6 12. Nf5 Bxf5 13. Bxf5 Bc7 14. Ba3 Bd6 15. Bxd6 Qxd6 16. Qd4 O-O 17. Rfd1 Nc6 18. Qd2 Qe5 19. Bd3 Rfd8 20. Ne2 Ng4 21.
Ng3 g6 22. Be2 Nf6 23. Bf3 Ne4 24. Qd3 Nc5 25. Qd2 Ne4 26. Qd3 Nc5 27. Qe2 Ne6 28.
Rac1 Rac8 29. Qd2 d4 30. Bxc6 dxe3 31. Qxe3 Rxd1+ 32. Rxd1 Qxe3 33. fxe3 Rxc6 34. Ne4 Rc2 35. Rd7 Rxa2 36. Rxb7 Rb2 37. h3 a5 38. Nd6 Nc5 39. Rxf7 Rxb3 40. Re7 a4 41. Ne8 a3 42. Nf6+ Kf8 43.
Ra7 Rb1+ 44. Kh2 Rb3 45. Nxh7+ Ke8 46. Nf6+ Kd8 47. e4 Kc8 48. Nd5 Kb8 49. Ra5 Nb7 50. Ra4 Nc5 51. Ra5 Nb7 52. Ra6 Nc5 53. Ra5 1/2-1/2

[Event "Late-Titled-Tuesday-Blitz-March-12-2024"]
[Site "Chess.com"]
[Date "2024.03.12"]
[Round "5"]
[White "Misterfox120"]
[Black "newyorkmouse"]
[Result "0-1"]
[WhiteElo "2384"]
[BlackElo "2574"]
[TimeControl "180+1"]
[EndTime "14:54:48 PDT"]
[Termination "newyorkmouse won on time"]

1. d4 b6 2. e4 Bb7 3. Bd3 f5 4.
exf5 Bxg2 5. Qh5+ g6 6. fxg6 Bg7 7. gxh7+ Kf8 8. hxg8=Q+ Kxg8 9. Qg4 Bxh1 10. Bf4 Nc6 11.
c3 e6 12. Nd2 Qh4 13. Qxh4 Rxh4 14. Bxc7 e5 15. Ngf3 Rh3 16. Bc4+ Kh8 17. Nxe5 Nxe5 18. Bxe5 Re8 19. O-O-O Bxe5 20. dxe5 Rxh2 21. f4 Rf8 22. Rf1 Rh4 23. f5 Bg2 24. Rf2 Bh3 25. e6 dxe6 26. Bxe6 Rh5 27. Nb3 Kg7 28. Nd4 Kf6 29.
a3 Bg4 30. Kb1 Rh1+ 31. Ka2 Rfh8 32. Rd2 a5 33. Kb3 Bd1+ 34. Kc4 Ba4 35. b3 Be8 36. a4 R8h3 37. Rd3 Rh4 38. Re3 Rc1 39. Kd5 Bf7 40.
Bxf7 Kxf7 41. Kc6 Rxd4 42. Kxb6 Rd5 43. c4 Rxf5 44. Rd3 Ke7 45. Re3+ Kd7 46. Rd3+ Kc8 47. Re3 Rd1 48. Kc6 Rf6+ 49. Kc5 Kc7 50. Re7+ Rd7 51.
Re5 Rb6 0-1

[Event "Late-Titled-Tuesday-Blitz-March-12-2024"]
[Site "Chess.com"]
[Date "2024.03.12"]
[Round "5"]
[White "Fjal"]
[Black "FMYiLiu"]
[Result "0-1"]
[WhiteElo "2309"]
[BlackElo "2511"]
[TimeControl "180+1"]
[EndTime "14:54:50 PDT"]
[Termination "FMYiLiu won by checkmate"]

1. Nf3 d5 2. g3 Nf6 3. Bg2 Nc6 4.
O-O e5 5. d3 Be7 6. c4 d4 7. e3 O-O 8. exd4 exd4 9. Re1 Re8 10.
Bf4 Bf5 11. Na3 Qd7 12. Nb5 Rac8 13. Ne5 Nxe5 14. Rxe5 c6 15. Nxd4 Qxd4 16. Rxf5 Rcd8 17. Be3 Qxb2 18. Rb1 Qxa2 19. Rxb7 Qxc4 20. d4 Bc5 21.
Bxc6 Re6 22. Bb5 Qc3 23. d5 Rxe3 24. fxe3 Qxe3+ 25. Kg2 Qe4+ 26. Qf3 Qc2+ 27. Kh3 Bb6 28. Rxf6 gxf6 29. Bd3 Qc8+ 30. Bf5 Qxb7 31. Qh5 Kf8 32. Qxh7 Ke7 33. Be4 Qc7 34. Bg6 Rf8 35. Be4 Qe5 36. Qh4 Bd4 37. Bf3 Kd6 38. Kg2 f5 39. Qh6+ Ke7 40. Qc1 Qe3 41. Qa3+ Kf6 42. Qd6+ Kg7 43. Qd7 Qf2+ 44. Kh3 Qxf3 45. d6 Qg4+ 46. Kg2 Qe2+ 47.
Kh3 Qf1+ 48. Kh4 Rh8+ 49. Kg5 Bf6# 0-1

[Event "Late-Titled-Tuesday-Blitz-March-12-2024"]
[Site "Chess.com"]
[Date "2024.03.12"]
[Round "5"]
[White "tptagain"]
[Black "vi_pranav"]
[Result "1-0"]
[WhiteElo "2969"]
[BlackElo "3036"]
[TimeControl "180+1"]
[EndTime "14:54:51 PDT"]
[Termination "tptagain won by resignation"]

1. Nf3 Nf6 2. d4 e6 3. Bg5 h6 4. Bxf6 Qxf6 5. e4 d6 6. Nc3 Qd8 7. a4 b6 8. Bb5+ Bd7 9. d5 e5 10. O-O Be7 11. Bxd7+ Nxd7 12. a5 a6 13. Qe2 b5 14. Na2 O-O 15. Nb4 f5 16. Nc6 Qe8 17.
exf5 Rxf5 18. b3 Qf7 19. Nfd4 Rf6 20. Ne6 Bf8 21. Nxc7 Rc8 22. Nxa6 Qxd5 23. Nab4 Qc5 24. c4 bxc4 25. Qxc4+ Kh8 26. a6 Nb6 27. Qe2 Rxc6 28. Nxc6 Qxc6 29. Rfc1 Qa8 30. a7 Rf7 31. Ra6 Nd5 32.
Qb5 Nf4 33. Qc6 Rb7 34. Qxb7 Qxb7 35. a8=Q Qf7 36. Rc8 Ng6 37. b4 Kh7 38. Ra1 Qf5 39.
Re1 Be7 40. Rb8 d5 41. Qxd5 Qf6 42. Qe4 Bd6 43. Rc8 h5 44. Rc6 Qe7 45. Rd1 Bxb4 46. Qxg6+ 1-0

[Event "Late-Titled-Tuesday-Blitz-March-12-2024"]
[Site "Chess.com"]
[Date "2024.03.12"]
[Round "5"]
[White "jcibarra"]
[Black "jk13"]
[Result "1-0"]
[WhiteElo "2928"]
[BlackElo "2697"]
[TimeControl "180+1"]
[EndTime "14:54:51 PDT"]
[Termination "jcibarra won by resignation"]

1. e4 e5 2. Nf3 Nc6 3. d4 exd4 4.
Nxd4 Bb4+ 5. c3 Bc5 6. Be3 Bb6 7. Nf5 Bxe3 8. Nxe3 Nge7 9. c4 O-O 10. Nc3 d6 11. Bd3 Kh8 12. O-O f5 13. exf5 Nxf5 14. Nxf5 Bxf5 15.
Bxf5 Rxf5 16. Qd3 Qd7 17. f4 Raf8 18. g3 h6 19. Rae1 R5f7 20. Re4 Re7 21. Rfe1 Rfe8 22. Nd5 Rxe4 23. Rxe4 Rxe4 24. Qxe4 Nd8 25. f5 Nc6 26. Qe6 Qxe6 27. fxe6 Kg8 28. Nxc7 Kf8 29. Nd5 Nd4 30. e7+ Kf7 31. Kf2 Nc6 32. Ke3 Nxe7 33. Ke4 Nxd5 34. Kxd5 Ke7 35. b4 Kd7 36. g4 g5 37.
c5 dxc5 38. bxc5 Kc7 39. Ke6 Kc6 40. Kf6 Kxc5 41. Kg6 b5 42. Kxh6 a5 43. Kxg5 b4 44. h4 a4 45. h5 b3 46. axb3 a3 47. Kh6 a2 48. g5 a1=Q 49. Kh7 Qa7+ 50. Kh6 Qf7 51.
g6 Qg8 52. g7 Kd6 53. Kg6 Ke6 54.
h6 Qf7+ 55. Kh7 Kf6 56. Kh8 Kg6 57. g8=Q+ Qxg8+ 58. Kxg8 Kxh6 59. b4 Kg6 60. b5 Kf6 61.
b6 Ke6 62. b7 Kd7 63. b8=Q 1-0

[Event "Late-Titled-Tuesday-Blitz-March-12-2024"]
[Site "Chess.com"]
[Date "2024.03.12"]
[Round "5"]
[White "JSPrepz"]
[Black "BabageldiAnnaberdiyev"]
[Result "1-0"]
[WhiteElo "2831"]
[BlackElo "2647"]
[TimeControl "180+1"]
[EndTime "14:54:51 PDT"]
[Termination "JSPrepz won by resignation"]

1. e4 e6 2. Nf3 d5 3. e5 c5 4. b4 cxb4 5. a3 bxa3 6. d4 Nc6 7. c3 Bd7 8. Nxa3 a6 9. Bd3 Rc8 10.
Nc2 Na5 11. O-O h6 12. Rb1 b5 13. Bd2 Nc4 14. Bf4 Ne7 15. h4 Ra8 16. h5 a5 17.
Qe2 Bc6 18. Nh2 Nc8 19. Ng4 N8b6 20. Nce3 a4 21. Bh2 a3 22. f4 Nxe3 23. Nxe3 Nc4 24. Bxc4 dxc4 25. f5 Be7 26. fxe6 fxe6 27. Qg4 Qd7 28.
Qxg7 Rf8 29. Qxh6 a2 30. Qg6+ Kd8 31. Rxf8+ Bxf8 32. Ra1 Kc7 33. h6 b4 34. h7 b3 35.
Nxc4 Ba3 36. Bf4 b2 37. Rxa2 Bd5 38. Rxb2 Bxb2 39. Nxb2 Rh8 40. c4 Bb7 41. d5 Qxh7 42. Qxh7+ Rxh7 43. dxe6 Re7 44. Nd3 Rxe6 45. Nc5 Rc6 46.
e6+ Kb6 47. e7 Rc8 48. Nd7+ Kc6 49. Nf6 Kc5 50. e8=Q Rxe8 51. Nxe8 Kxc4 52. Nd6+ Kd5 53. Nxb7 Ke4 54. g3 1-0

[Event "Late-Titled-Tuesday-Blitz-March-12-2024"]
[Site "Chess.com"]
[Date "2024.03.12"]
[Round "5"]
[White "bascheyaro"]
[Black "maximnovik"]
[Result "1-0"]
[WhiteElo "2791"]
[BlackElo "2590"]
[TimeControl "180+1"]
[EndTime "14:54:51 PDT"]
[Termination "bascheyaro won by resignation"]

1. d4 Nf6 2. Nf3 g6 3. Bf4 Bg7 4. e3 O-O 5. h3 d6 6. Be2 c5 7. O-O Qb6 8. Nc3 cxd4 9. exd4 Bf5 10. Rb1 Nc6 11. Qd2 Ne4 12. Nxe4 Bxe4 13. Be3 Bxf3 14. d5 Nd4 15. Bxd4 Qxd4 16. Qxd4 Bxd4 17. Bxf3 Rfc8 18.
c3 Bf6 19. Rfe1 b5 20. Re4 a5 21. a4 Rab8 22. Bg4 Rc5 23. b4 axb4 24. Rexb4 Rxd5 25. c4 Rd2 26. cxb5 Bd4 27. Rf1 f5 28. Bf3 e6 29. Bc6 Bb6 30. g4 Kf7 31. Kg2 d5 32. gxf5 gxf5 33. Rh4 Rg8+ 34. Kf3 Rg7 35. Rh6 e5 36.
Bxd5+ Rxd5 37. Rxb6 Rd3+ 38. Ke2 Ra3 39. Rb7+ Kf6 40.
Rxg7 Kxg7 41. Rb1 Rxa4 42. b6 Ra8 43. b7 Rb8 44. Kd3 Kf6 45. Kc4 Ke6 46. Kc5 e4 47.
Kc6 f4 48. Rb5 Rf8 49. b8=Q Rxb8 50. Rxb8 Ke5 51. Kc5 e3 52. Re8+ Kf5 53. fxe3 f3 54. Kd4 h5 55. Rf8+ Kg5 56. Rxf3 1-0

[Event "Late-Titled-Tuesday-Blitz-March-12-2024"]
[Site "Chess.com"]
[Date "2024.03.12"]
[Round "5"]
[White "YoreDea"]
[Black "szachmistrz2500"]
[Result "1/2-1/2"]
[WhiteElo "2597"]
[BlackElo "2475"]
[TimeControl "180+1"]
[EndTime "14:54:51 PDT"]
[Termination "Game drawn by repetition"]

1. e4 c5 2. d3 Nc6 3. g3 g6 4.
Bg2 Bg7 5. Ne2 b5 6. O-O b4 7. c3 e5 8. Be3 d6 9. d4 bxc3 10.
bxc3 cxd4 11. cxd4 Nge7 12. d5 Na5 13. Nd2 O-O 14. Qa4 Ba6 15. Rfe1 f5 16. Bg5 Bf6 17.
Bxf6 Rxf6 18. Nc3 Rc8 19. Rac1 Bd3 20. Nb3 Nxb3 21. Qxb3 Rb8 22. Qa3 Qb6 23. Na4 Qd4 24.
Qc3 Rb4 25. Qxd4 Rxd4 26. Rc7 Rf7 27. Nc3 fxe4 28. Bh3 Nf5 29. Rc6 Rc4 30. Rxc4 Bxc4 31. Rxe4 Rc7 32. Bxf5 gxf5 33. Re3 e4 34. g4 Bd3 35.
Ne2 fxg4 36. Nd4 Rc5 37. Nf5 Kf8 38. Nxd6 Rxd5 39. Nxe4 Bxe4 40. Rxe4 h5 41. Ra4 a5 42. Kg2 Kf7 43. Kg3 Kg6 44. Rc4 Kg5 45. h4+ gxh3 46. Kxh3 Rd3+ 47. Kg2 Ra3 48. Rc5+ Kg4 49. Rc4+ Kg5 50.
Rc2 h4 51. Rc5+ Kg4 52. Rc4+ Kg5 53. Rc5+ Kg4 54. Rc4+ Kg5 55. Rc5+ 1/2-1/2

[Event "Late-Titled-Tuesday-Blitz-March-12-2024"]
[Site "Chess.com"]
[Date "2024.03.12"]
[Round "5"]
[White "BogdanDeac"]
[Black "mbojan"]
[Result "1-0"]
[WhiteElo "3070"]
[BlackElo "2891"]
[TimeControl "180+1"]
[EndTime "14:54:52 PDT"]
[Termination "BogdanDeac won by checkmate"]

1. d4 a6 2. e4 e6 3. Nf3 d5 4.
Nc3 Bb4 5. exd5 exd5 6. Bd3 Ne7 7. O-O Bxc3 8. bxc3 Nbc6 9. Re1 O-O 10. Ba3 Re8 11. Ng5 g6 12. Qf3 Rf8 13. Qe3 Be6 14. Nxe6 fxe6 15.
Qxe6+ Rf7 16. Qg4 Nf5 17. Re2 Qd7 18. h3 Re8 19. Rae1 Rxe2 20. Qxe2 Na5 21. Qe6 Qxe6 22. Rxe6 Nc4 23. Bxc4 dxc4 24. f3 Rd7 25. Kf2 Kf7 26. Re5 b6 27. g4 Ng7 28. f4 Ne8 29. Kf3 Nf6 30. Bc1 Nd5 31. Bd2 c6 32. f5 Re7 33.
fxg6+ hxg6 34. Rxe7+ Kxe7 35. h4 b5 36. h5 gxh5 37.
gxh5 Kf6 38. Ke4 a5 39. h6 b4 40. cxb4 c3 41. Be1 axb4 42. h7 Kg7 43. Bf2 Kxh7 44.
Ke5 Kg6 45. Kd6 Kf5 46. Kxc6 Ke4 47. Kc5 Ne3 48. Bxe3 Kxe3 49. d5 Kd2 50. d6 Kxc2 51. d7 Kb2 52. d8=Q c2 53. Qg5 Kxa2 54. Qc1 b3 55.
Kb4 b2 56. Qxc2 Ka1 57. Qa4+ Kb1 58. Kc3 Kc1 59. Qc2# 1-0

[Event "Late-Titled-Tuesday-Blitz-March-12-2024"]
[Site "Chess.com"]
[Date "2024.03.12"]
[Round "5"]
[White "BeanScreen"]
[Black "ChainedDowntohell"]
[Result "1-0"]
[WhiteElo "2738"]
[BlackElo "2535"]
[TimeControl "180+1"]
[EndTime "14:54:53 PDT"]
[Termination "BeanScreen won on time"]

1. e4 e5 2. Nf3 Nc6 3. Bc4 Nf6 4. d3 Bc5 5. c3 d6 6. O-O h6 7. Re1 Bb6 8. Nbd2 Ne7 9. a4 a5 10. d4 Nc6 11. Bb5 Bd7 12. Bxc6 Bxc6 13. Nc4 O-O 14. Nxb6 cxb6 15. d5 Be8 16. c4 Nd7 17. Be3 f5 18. exf5 Rxf5 19. Nd2 Nc5 20. Bxc5 bxc5 21. Ne4 Bg6 22.
Ra3 Rf4 23. f3 Qd7 24. Qd2 Kh8 25. h3 b6 26. Rae3 Qxa4 27. Nxd6 Rd8 28. b3 Qa3 29.
Nb5 Qb4 30. Qxb4 cxb4 31. Rxe5 a4 32. Re6 Kh7 33. bxa4 b3 34. Na3 b2 35. Rxb6 Ra8 36.
Rxb2 Rxa4 37. Rb3 Rd4 38. Rc3 Rb4 39. Re2 Rd1+ 40. Kf2 Bf5 41. Kg3 Bd7 42. Nc2 Rbb1 43.
Ne3 Rd4 44. c5 Bc8 45. c6 h5 46. h4 g5 47. hxg5 h4+ 48. Kf2 Rh1 49. Rc5 h3 50.
gxh3 Bxh3 51. Kg3 1-0

[Event "Late-Titled-Tuesday-Blitz-March-12-2024"]
[Site "Chess.com"]
[Date "2024.03.12"]
[Round "5"]
[White "reevecanada"]
[Black "imdvb6307"]
[Result "1-0"]
[WhiteElo "2639"]
[BlackElo "2497"]
[TimeControl "180+1"]
[EndTime "14:54:53 PDT"]
[Termination "reevecanada won by resignation"]

1. e4 Nc6 2. d4 d5 3. exd5 Qxd5 4. Ne2 e5 5. Be3 exd4 6. Nxd4 Nxd4 7. Qxd4 Qxd4 8.
Bxd4 Bf5 9. Nc3 a6 10. O-O-O O-O-O 11. Bc4 Bg6 12. Kb1 Nh6 13. h3 Nf5 14. Be5 Bd6 15.
Bxd6 Nxd6 16. Bd3 Rhe8 17. b3 Re6 18. Nd5 Bxd3 19. Rxd3 Ne4 20. Rhd1 Rxd5 21. Rxd5 Nc3+ 22. Kb2 Nxd1+ 23. Rxd1 Re2 24. Rf1 f5 25. Kc3 f4 26.
Kd3 Re6 27. Kd2 Rg6 28. Rg1 Kd7 29. Ke2 Ke7 30. Kf3 Rc6 31. c4 Rd6 32. Re1+ Kf6 33. Re2 g5 34. Kg4 Kg6 35. g3 h5+ 36. Kf3 fxg3 37. fxg3 Rd3+ 38. Kg2 Kf6 39. g4 hxg4 40. hxg4 Rd4 41. Kf3 Rf4+ 42. Kg3 a5 43. Rd2 Ke6 44. Rd5 Re4 45. Rxg5 b6 46. Rf5 Re2 47. Rf2 Re3+ 48. Kh4 a4 49. g5 axb3 50. axb3 Rxb3 51. g6 Rb1 52. Kg5 Rg1+ 53. Kh6 Kd6 54. g7 Kc6 55. Rf6+ Kc5 56. Rg6 Rh1+ 57. Kg5 Rg1+ 58. Kf5 Rf1+ 59. Ke6 Re1+ 60. Kd7 Rd1+ 61. Kxc7 Ra1 62. Rg5+ Kxc4 63. g8=Q+ 1-0